 Dungeon Crawl Stone Soup version 0.25.0-46-gbd7b0854d2 (webtiles) character file.

Game seed: 10818730485255590975

135 Ethylacetat the Poker (level 4, -3/35 HPs)
             Began as a Demonspawn Gladiator on July 17, 2020.
             Slain by a gnoll
             ... wielding a +0 flail
              (9 damage)
             ... on level 3 of the Dungeon.
             The game lasted 00:01:53 (1594 turns).

Ethylacetat the Poker (Demonspawn Gladiator)        Turns: 1594, Time: 00:01:54

Health: -3/35      AC:  6    Str: 15    XL:     4   Next: 96%
Magic:  4/4        EV: 12    Int:  9    God:
Gold:   46         SH:  0    Dex: 15    Spells: 3/3 levels left

rFire    . . .     SeeInvis .   a - +0 trident
rCold    . . .     Gourm    .   (no shield)
rNeg     . . .     Faith    .   b - +0 leather armour
rPois    .         Spirit   .   c - +0 helmet
rElec    .         Reflect  .   (no cloak)
rCorr    .         Harm     .   (no gloves)
MR       .....                  (no boots)
Stlth    +.........             (no amulet)
HPRegen  0.11/turn              (no ring)
MPRegen  0.09/turn              (no ring)

@: no status effects
A: talons 2, thin metallic scales 1
a: no special abilities


You were on level 3 of the Dungeon.
You were not hungry.

You visited 1 branch of the dungeon, and saw 3 of its levels.

You collected 46 gold pieces.

Inventory:

Hand Weapons
 a - a +0 trident (weapon)
Missiles
 d - 3 throwing nets (quivered)
Armour
 b - a +0 leather armour (worn)
 c - a +0 helmet (worn)
Scrolls
 e - a scroll of magic mapping
 h - a scroll of enchant armour {unknown}
 i - 3 scrolls of teleportation {unknown}
Comestibles
 f - 2 rations
 g - 2 chunks of flesh


   Skills:
 + Level 3.3 Fighting
 * Level 4.5 Polearms
 - Level 1.7 Throwing
 - Level 2.6 Dodging


You had 3 spell levels left.
You didn't know any spells.
Your spell library was empty.

Dungeon Overview and Level Annotations

Branches:
Dungeon (3/15)

Altars:
Cheibriados


Innate Abilities, Weirdness & Mutations

You have razor-sharp toenails.
You are partially covered in thin metallic scales. (AC +2)


Message History

You hit the gnoll. Your kick misses the gnoll.
The gnoll is lightly wounded.
The gnoll hits you with a +0 flail!
* * * LOW HITPOINT WARNING * * *
You hit the gnoll. You claw the gnoll.
The gnoll is heavily wounded.
The gnoll barely misses you. The gnoll hits you with a +0 flail.
* * * LOW HITPOINT WARNING * * *
Attack whom?
Press: ? - help, Dir - move target cursor, f/p - gnoll
Aim: a gnoll, wielding a +0 flail (heavily wounded)
You reach to attack!
You hit the gnoll but do no damage.
The gnoll is heavily wounded.
Attack whom?
Press: ? - help, Dir - move target cursor, f/p - gnoll
Aim: a gnoll, wielding a +0 flail (heavily wounded)
You hit the gnoll but do no damage. You claw the gnoll.
The gnoll is almost dead.
The gnoll hits you with a +0 flail!
You die...

........# #.# ........# #.#
#.# ......).# #.# #.#.#
........# #.# #.#.#
........###.####.#.#
.........##.##.#.#.#
.........##.##.#.#.#
.........##.##.#.#.#
..........#@##.#.#.#####.#
........gg#g##.#.........#
..........#g##.#.#.#####...
........÷÷g......#.#
............##.#.#.#
.........#..##.#.#.#
...........>##.#.#.#
########.#####.#.#.#####
#.#####........[#


You could see 3 gnolls.

Vanquished Creatures
  A centaur zombie (D:2)
  5 adders (D:2)
  A gnoll (D:3)
  An ooze (D:2)
  A worm (D:2)
  A dart slug (D:2)
  A leopard gecko (D:2)
  2 giant cockroaches (D:2)
  4 goblins
  5 hobgoblins
  4 jackals (D:2)
  A quokka (D:2)
  7 bats
  3 frilled lizards
  A kobold (D:2)
  3 rats
41 creatures vanquished.

Notes
Turn   | Place    | Note
-------+----------+-------------------------------------------
     0 | D:1      | Ethylacetat the Demonspawn Gladiator began the quest for
                  | the Orb.
     0 | D:1      | Reached XP level 1. HP: 16/16 MP: 1/1
   234 | D:1      | Reached skill level 3 in Polearms
   315 | D:1      | Gained mutation: You are partially covered in thin metallic
                  | scales. (AC +2) [demonic ancestry]
   315 | D:1      | Reached XP level 2. HP: 22/22 MP: 2/2
   343 | D:1      | You fall into a shaft and drop 1 floor!
   837 | D:2      | Gained mutation: You have sharp toenails. [demonic
                  | ancestry]
   837 | D:2      | Reached XP level 3. HP: 28/28 MP: 3/3
  1015 | D:2      | Reached skill level 4 in Polearms
  1015 | D:2      | Gained mutation: You have razor-sharp toenails. [demonic
                  | ancestry]
  1015 | D:2      | Reached XP level 4. HP: 33/34 MP: 4/4
  1056 | D:2      | Found a snail-covered altar of Cheibriados.
  1594 | D:3      | Slain by a gnoll

Illustrated notes

Levels and vault maps discovered:
D:1:      mainiacjoe_arrival_reflecting_pool, layout_basic
D:2:      layout_loops_ring, kennysheep_slug_shrine
D:3:      layout_basic, led_sif_pool, uniq_grinder

Skill      XL: |  1  2  3  4 |
---------------+-------------+-----
Polearms       | 3 4 |  4.5
Fighting       | 3 |  3.3
Throwing       | |  1.7
Dodging        | |  2.6

Action                   |  1- 3 |  4- 6 || total
-------------------------+-------+-------++-------
Melee: Trident           |    82 |    58 ||   140
       Kick              |    12 |     8 ||    20
  Use: Scroll            |       |     3 ||     3
 Stab: Sleeping          |     1 |     1 ||     2
  Eat: Chunk             |       |     2 ||     2
Armor: Leather armour    |    31 |    11 ||    42
Dodge: Dodged            |    46 |    26 ||    72
